SNL (28 & UNDER)
BLACKIRON DRAGONS @ KEY WEST BARRACUDAS
09/04/2029
 
TOP OF THE 1ST
BlackIron Dragons batting - Pitching for Key West Barracudas : RHP Kade Coleman
Pitching: RHP Kade Coleman
Batting: LHB Miguel García 0-0: Ball
1-0: Swinging Strike
1-1: Ball
2-1: Called Strike
2-2: Strikes out looking
Batting: RHB Joaquín Valenzuela 0-0: Ball
1-0: Ball
2-0: Ground out 4-3 (Groundball, 4MD)
Batting: SHB David Boyle 0-0: Called Strike
0-1: Ball
1-1: Swinging Strike
1-2: Fly out, F7 (Line Drive, 7LM)
Top of the 1st over - 0 runs, 0 hits, 0 errors, 0 left on base; BlackIron 0 - Key West 0
BOTTOM OF THE 1ST
Key West Barracudas batting - Pitching for BlackIron Dragons : RHP Silvio Fiermonte
Pitching: RHP Silvio Fiermonte
Batting: SHB Luis Manuel López 0-0: Ball
1-0: Ball
2-0: Ground out 6-3 (Groundball, 6S)
Batting: RHB Chris Adams 0-0: Swinging Strike
0-1: Ground out 5-3 (Groundball, 5L)
Batting: LHB Domingo Ledesma 0-0: Ball
1-0: Ball
2-0: Ground out 3-1 (Groundball, 34)
Bottom of the 1st over - 0 runs, 0 hits, 0 errors, 0 left on base; BlackIron 0 - Key West 0
TOP OF THE 2ND
BlackIron Dragons batting - Pitching for Key West Barracudas : RHP Kade Coleman
Batting: LHB José Martínez 0-0: Called Strike
0-1: Ball
1-1: Swinging Strike
1-2: Strikes out swinging
Batting: RHB Foster Hapgood 0-0: Ball
1-0: Foul Ball, location: 2F
1-1: Called Strike
1-2: Foul Ball, location: 2F
1-2: Ball
2-2: Ball
3-2: Foul Ball, location: 2F
3-2: Base on Balls
Batting: RHB Randall Walker 0-0: Ball
1-0: Called Strike
1-1: Called Strike
1-2: Fielders Choice at 2nd, 6-4 (Groundball, 6)
Batting: RHB Alexander Barr 0-0: Swinging Strike
0-1: Called Strike
0-2: Ball
Randall Walker steals 2nd base
1-2: Strikes out swinging
Top of the 2nd over - 0 runs, 0 hits, 0 errors, 1 left on base; BlackIron 0 - Key West 0
BOTTOM OF THE 2ND
Key West Barracudas batting - Pitching for BlackIron Dragons : RHP Silvio Fiermonte
Batting: SHB Héctor Jiménez 0-0: Called Strike
0-1: Ball
1-1: Foul Ball, location: 2F
1-2: Foul Ball, location: 2F
1-2: Ball
2-2: Foul Ball, location: 2F
2-2: Fly out, F8 (Line Drive, 89D)
Batting: SHB Júlio Ayala 0-0: Called Strike
0-1: Called Strike
0-2: Ground out 6-3 (Groundball, 6)
Batting: LHB Motoki Hirata 0-0: Called Strike
0-1: Fly out, F3 (Popup, 3L)
Bottom of the 2nd over - 0 runs, 0 hits, 0 errors, 0 left on base; BlackIron 0 - Key West 0
TOP OF THE 3RD
BlackIron Dragons batting - Pitching for Key West Barracudas : RHP Kade Coleman
Batting: RHB Millard Long 0-0: Called Strike
0-1: Foul Ball, location: 2F
0-2: Ground out 5-3 (Groundball, 56)
Batting: RHB Luis López 0-0: Foul Ball, location: 2F
0-1: Swinging Strike
0-2: Ball
1-2: Ball
2-2: Ball
3-2: Foul Ball, location: 2F
3-2: Strikes out swinging
Batting: LHB Miguel García 0-0: Ball
1-0: Called Strike
1-1: Fly out, F9 (Flyball, 89M)
Top of the 3rd over - 0 runs, 0 hits, 0 errors, 0 left on base; BlackIron 0 - Key West 0
BOTTOM OF THE 3RD
Key West Barracudas batting - Pitching for BlackIron Dragons : RHP Silvio Fiermonte
Batting: RHB Anastasio Zartuche 0-0: Ball
1-0: Ball
2-0: Foul Ball, location: 2F
2-1: Ground out 6-3 (Groundball, 6M)
Batting: LHB Mauro Díaz 0-0: Ball
1-0: Ball
2-0: Ball
3-0: Called Strike
3-1: Foul Ball, location: 2F
3-2: Base on Balls
Batting: LHB Juan Lima 0-0: Called Strike
0-1: Foul Ball, location: 2F
0-2: Ball
1-2: Strikes out swinging
Batting: SHB Luis Manuel López 0-0: Ball
1-0: Foul Ball, location: 2F
1-1: Foul Ball, location: 2F
1-2: Strikes out swinging
Bottom of the 3rd over - 0 runs, 0 hits, 0 errors, 1 left on base; BlackIron 0 - Key West 0
TOP OF THE 4TH
BlackIron Dragons batting - Pitching for Key West Barracudas : RHP Kade Coleman
Batting: RHB Joaquín Valenzuela 0-0: SINGLE (Line Drive, 9S)
Batting: SHB David Boyle 0-0: Ball
1-0: Ball
Joaquín Valenzuela steals 2nd base
2-0: Foul Ball, location: 2F
2-1: Foul Ball, location: 2F
2-2: Ball
3-2: Foul Ball, location: 2F
3-2: Base on Balls
Batting: LHB José Martínez 0-0: Swinging Strike
0-1: Fly out, F9 (Flyball, 89M)
Batting: RHB Foster Hapgood 0-0: Ball
1-0: SINGLE (Flyball, 7LS)
Joaquín Valenzuela to third
David Boyle to second
Pitching: RHP Bob Schneider
Batting: RHB Randall Walker 0-0: Ball
1-0: Swinging Strike
1-1: Ball
2-1: Foul Ball, location: 2F
2-2: Strikes out looking
Batting: RHB Alexander Barr 0-0: Called Strike
0-1: Ball
1-1: Foul Ball, location: 2F
1-2: Ball
2-2: Fielders Choice at 2nd, 6-4 (Groundball, 6)
Top of the 4th over - 0 runs, 2 hits, 0 errors, 3 left on base; BlackIron 0 - Key West 0
BOTTOM OF THE 4TH
Key West Barracudas batting - Pitching for BlackIron Dragons : RHP Silvio Fiermonte
Batting: RHB Chris Adams 0-0: Ball
1-0: Ball
2-0: Called Strike
2-1: Fly out, F7 (Flyball, 7S)
Batting: LHB Domingo Ledesma 0-0: Called Strike
0-1: Fly out, F8 (Flyball, 78D)
Batting: SHB Héctor Jiménez 0-0: Called Strike
0-1: Called Strike
0-2: Foul Ball, location: 2F
0-2: Ball
1-2: Strikes out swinging
Bottom of the 4th over - 0 runs, 0 hits, 0 errors, 0 left on base; BlackIron 0 - Key West 0
TOP OF THE 5TH
BlackIron Dragons batting - Pitching for Key West Barracudas : RHP Bob Schneider
Batting: RHB Millard Long 0-0: Ball
1-0: Ground out 5-3 (Groundball, 5)
Batting: RHB Luis López 0-0: Ball
1-0: Called Strike
1-1: Ball
2-1: Foul Ball, location: 2F
2-2: Ball
3-2: Base on Balls
Batting: LHB Miguel García 0-0: Ball
1-0: Called Strike
1-1: Called Strike
1-2: Foul Ball, location: 2F
1-2: Ball
2-2: Strikes out swinging
Batting: RHB Joaquín Valenzuela 0-0: SINGLE (Groundball, 56D)
Luis López to second
Batting: SHB David Boyle 0-0: Ball
1-0: Called Strike
1-1: Swinging Strike
1-2: Ball
2-2: SINGLE (Line Drive, 4M)
Luis López to third
Joaquín Valenzuela to second
Runner from 3rd tries for Home, SAFE, no throw
Batting: LHB José Martínez 0-0: Called Strike
0-1: Ball
1-1: Ball
2-1: Ball
3-1: Called Strike
3-2: Foul Ball, location: 2F
3-2: Base on Balls
Joaquín Valenzuela to third
David Boyle to second
Pitching: RHP Sean Flynn
Batting: RHB Foster Hapgood 0-0: Swinging Strike
0-1: Called Strike
0-2: Ball
1-2: Reached on error, E1 (Groundball, P)
Joaquín Valenzuela scores
David Boyle scores
José Martínez to third
Batting: RHB Randall Walker 0-0: Ball
1-0: Ground out 6-3 (Groundball, 6)
Top of the 5th over - 3 runs, 2 hits, 1 error, 2 left on base; BlackIron 3 - Key West 0
BOTTOM OF THE 5TH
Key West Barracudas batting - Pitching for BlackIron Dragons : RHP Silvio Fiermonte
Batting: SHB Júlio Ayala 0-0: Ball
1-0: Ball
2-0: Called Strike
2-1: Called Strike
2-2: Fly out, F7 (Flyball, 78M)
Batting: LHB Motoki Hirata 0-0: Fly out, F8 (Flyball, 8RM)
Batting: RHB Anastasio Zartuche 0-0: Ball
1-0: Called Strike
1-1: Ball
2-1: Foul Ball, location: 2F
2-2: Strikes out swinging
Bottom of the 5th over - 0 runs, 0 hits, 0 errors, 0 left on base; BlackIron 3 - Key West 0
TOP OF THE 6TH
BlackIron Dragons batting - Pitching for Key West Barracudas : RHP Sean Flynn
Batting: RHB Alexander Barr 0-0: Swinging Strike
0-1: Ground out 5-3 (Groundball, 56S)
Batting: RHB Millard Long 0-0: Ground out 6-3 (Groundball, 6)
Batting: RHB Luis López 0-0: Ball
1-0: Ground out 5-3 (Groundball, 5)
Top of the 6th over - 0 runs, 0 hits, 0 errors, 0 left on base; BlackIron 3 - Key West 0
BOTTOM OF THE 6TH
Key West Barracudas batting - Pitching for BlackIron Dragons : RHP Silvio Fiermonte
Batting: LHB Mauro Díaz 0-0: Called Strike
0-1: Ball
1-1: Swinging Strike
1-2: Strikes out swinging
Batting: LHB Juan Lima 0-0: Called Strike
0-1: Ball
1-1: Called Strike
1-2: Foul Ball, location: 2F
1-2: Ball
2-2: Ground out 6-3 (Groundball, 6)
Batting: SHB Luis Manuel López 0-0: Swinging Strike
0-1: Foul Ball, location: 2F
0-2: Strikes out swinging
Bottom of the 6th over - 0 runs, 0 hits, 0 errors, 0 left on base; BlackIron 3 - Key West 0
TOP OF THE 7TH
BlackIron Dragons batting - Pitching for Key West Barracudas : RHP Sean Flynn
Batting: LHB Miguel García 0-0: Foul Ball, location: 2F
0-1: Ball
1-1: Swinging Strike
1-2: Strikes out swinging
Batting: RHB Joaquín Valenzuela 0-0: Called Strike
0-1: Ball
1-1: Called Strike
1-2: Foul Ball, location: 2F
1-2: SINGLE (Groundball, 56D)
Batting: SHB David Boyle 0-0: Called Strike
Joaquín Valenzuela is caught stealing 2nd base
0-1: TRIPLE (Line Drive, 89XD)
Batting: LHB José Martínez 0-0: Called Strike
0-1: Ball
1-1: Foul Ball, location: 2F
1-2: Foul Ball, location: 2F
1-2: Strikes out swinging
Top of the 7th over - 0 runs, 2 hits, 0 errors, 1 left on base; BlackIron 3 - Key West 0
BOTTOM OF THE 7TH
Key West Barracudas batting - Pitching for BlackIron Dragons : RHP Silvio Fiermonte
Batting: RHB Chris Adams 0-0: Ball
1-0: Ball
2-0: Reached on error, E6 (Groundball, 56)
Batting: LHB Domingo Ledesma 0-0: Ball
1-0: Called Strike
1-1: Ball
2-1: Swinging Strike
2-2: Strikes out swinging
Batting: SHB Héctor Jiménez 0-0: 2-RUN HOME RUN (Flyball, 9LD), Distance : 365 ft
Batting: SHB Júlio Ayala 0-0: Ball
1-0: Swinging Strike
1-1: Ground out 1-3 (Groundball, 13S)
Batting: LHB Motoki Hirata 0-0: Called Strike
0-1: Swinging Strike
0-2: Ground out 1-3 (Groundball, P)
Bottom of the 7th over - 2 runs, 1 hit, 1 error, 0 left on base; BlackIron 3 - Key West 2
TOP OF THE 8TH
BlackIron Dragons batting - Pitching for Key West Barracudas : RHP Sean Flynn
Batting: RHB Foster Hapgood 0-0: Called Strike
0-1: Swinging Strike
0-2: Ball
1-2: SINGLE (Groundball, 4MD)
Pinch Hitting: RHB Vernon Sterling 0-0: Ball
1-0: Foul Ball, location: 2F
1-1: Fly out, F9 (Line Drive, 9)
Pitching: RHP Gabe Lewis
Batting: RHB Alexander Barr 0-0: Foul Ball, location: 2F
0-1: Called Strike
0-2: Strikes out swinging
Batting: RHB Millard Long 0-0: Called Strike
0-1: Swinging Strike
0-2: Ball
1-2: Strikes out swinging
Top of the 8th over - 0 runs, 1 hit, 0 errors, 1 left on base; BlackIron 3 - Key West 2
BOTTOM OF THE 8TH
Key West Barracudas batting - Pitching for BlackIron Dragons : RHP Silvio Fiermonte
Now at 1B: Roderick Silva
Now in LF: Jason Erickson
Batting: RHB Anastasio Zartuche 0-0: Foul Ball, location: 2F
0-1: Ball
1-1: Ball
2-1: SINGLE (Line Drive, 6MD)
Pinch Runner at 1st Rob DeWitt:
Batting: LHB Mauro Díaz 0-0: Ball
1-0: SINGLE (Flyball, 8RM)
Rob DeWitt to second
Batting: LHB Juan Lima 0-0: Called Strike
0-1: Grounds into double play, 6-4-3 (Groundball, 6)
Rob DeWitt to third
Pinch Hitting: SHB Eric Pimentel 0-0: Ball
1-0: Called Strike
1-1: Foul Ball, location: 2F
1-2: Strikes out looking
Bottom of the 8th over - 0 runs, 2 hits, 0 errors, 1 left on base; BlackIron 3 - Key West 2
TOP OF THE 9TH
BlackIron Dragons batting - Pitching for Key West Barracudas : RHP Gabe Lewis
Pitching: RHP Gerald Núñez
Now at SS: Rob DeWitt
Now in LF: Jorge Hernández
Batting: RHB Luis López 0-0: Foul Ball, location: 2F
0-1: Fly out, F8 (Flyball, 8LS)
Batting: LHB Miguel García 0-0: Ground out 4-3 (Groundball, 34)
Batting: RHB Joaquín Valenzuela 0-0: Ball
1-0: Ball
2-0: Ball
3-0: Foul Ball, location: 2F
3-1: Foul Ball, location: 2F
3-2: SINGLE (Flyball, 78S)
Batting: SHB David Boyle 0-0: Called Strike
Pickoff Throw to First - Error! E1
Joaquín Valenzuela to second
0-1: Swinging Strike
0-2: Ball
1-2: Fly out, F8 (Flyball, 8LD)
Top of the 9th over - 0 runs, 1 hit, 1 error, 1 left on base; BlackIron 3 - Key West 2
BOTTOM OF THE 9TH
Key West Barracudas batting - Pitching for BlackIron Dragons : RHP Silvio Fiermonte
Batting: RHB Chris Adams 0-0: Ball
1-0: Ball
2-0: Ball
3-0: Base on Balls
Batting: LHB Domingo Ledesma 0-0: Ball
1-0: Ball
2-0: Foul Ball, location: 2F
2-1: Foul Ball, location: 2F
2-2: DOUBLE (Line Drive, 9LD)
Chris Adams to third
Batting: SHB Héctor Jiménez 0-0: Called Strike
0-1: Swinging Strike
0-2: SINGLE (Groundball, 34D)
Chris Adams scores
Domingo Ledesma to third
Pitching: LHP Dan Thompson
Batting: SHB Júlio Ayala 0-0: Ball
1-0: Called Strike
1-1: Swinging Strike
1-2: Foul Ball, location: 2F
1-2: Strikes out swinging
Pinch Hitting: RHB Domingo Hernández 0-0: Ball
1-0: Ball
2-0: Ball
3-0: Called Strike
3-1: Called Strike
3-2: Base on Balls
Héctor Jiménez to second
Batting: RHB Rob DeWitt 0-0: Called Strike
0-1: Ball
1-1: Ball
2-1: Ball
3-1: Base on Balls
Domingo Ledesma scores
Héctor Jiménez to third
Domingo Hernández to second
Saturday, December 16th, 2017 - OOTP Baseball 18.8 Build 76